 Dungeon Crawl Stone Soup version 0.25.1-1-g288607f5aa (webtiles) character file.

Game seed: 16288333051241865026

828 protoss039 the Magician (level 7, -13/36 HPs)
             Began as a Deep Elf Earth Elementalist on July 21, 2020.
             Was an Initiate of Sif Muna.
             Shot with an arrow by a centaur (15 damage)
             ... on level 5 of the Dungeon.
             The game lasted 00:26:52 (5964 turns).

protoss039 the Magician (DEEE)                      Turns: 5964, Time: 00:26:52

Health: -13/36     AC:  3    Str:  5    XL:     7   Next: 64%
Magic:  9/20       EV: 13    Int: 22    God:    Sif Muna [......]
Gold:   203        SH:  0    Dex: 15    Spells: 3/21 levels left

rFire    . . .     SeeInvis .   s - +5 dagger
rCold    . . .     Gourm    .   (no shield)
rNeg     . . .     Faith    .   c - +0 robe
rPois    .         Spirit   .   (no helmet)
rElec    .         Reflect  .   (no cloak)
rCorr    .         Harm     .   i - +0 pair of gloves
MR       .....                  (no boots)
Stlth    ++........             (no amulet)
HPRegen  0.12/turn              (no ring)
MPRegen  0.17/turn              (no ring)

@: very slightly contaminated
A: no striking features
a: Renounce Religion


You were on level 5 of the Dungeon.
You worshipped Sif Muna.
Sif Muna was noncommittal.
You were near starving.

You visited 1 branch of the dungeon, and saw 5 of its levels.

You collected 203 gold pieces.

Inventory:

Hand Weapons
 s - a +5 dagger (weapon)
Missiles
 b - 24 stones (quivered)
Armour
 c - a +0 robe (worn)
 h - a +0 kite shield
 i - a +0 pair of gloves (worn)
Jewellery
 a - a +6 ring of intelligence {unknown}
 w - a cursed ring of attention {unknown}
 y - a cursed amulet of inaccuracy {unknown}
 A - a +4 ring of slaying {unknown}
 B - a +4 ring of evasion {unknown}
Wands
 v - a wand of polymorph (15)
Scrolls
 g - 2 scrolls of fog {unknown}
 k - 3 scrolls of enchant armour {unknown}
 m - 3 scrolls of teleportation {unknown}
 n - a scroll of remove curse {unknown}
 o - 3 scrolls of identify {unknown}
 r - 2 scrolls of blinking {unknown}
 u - a scroll of enchant weapon {unknown}
 x - a scroll of random uselessness {unknown}
 z - a scroll of immolation {unknown}
Potions
 e - 2 potions of curing {unknown}
 f - a potion of haste {unknown}
 j - 2 potions of stabbing {unknown}
 l - a potion of ambrosia {unknown}
 p - a potion of magic {unknown}
 q - a potion of mutation {unknown}
 t - a potion of heal wounds {unknown}
Comestibles
 d - 13 rations


   Skills:
 - Level 0.1 Short Blades
 - Level 3.0 Dodging
 - Level 3.0 Stealth
 + Level 7.9 Spellcasting
 - Level 1.0 Conjurations
 - Level 1.1 Transmutations
 + Level 7.0 Earth Magic
 * Level 2.0 Invocations


You had 3 spell levels left.
You knew the following spells:

 Your Spells              Type           Power        Failure   Level  Hunger
a - Sandblast             Erth           #####.       1%          1    None
b - Passwall              Tmut/Erth      ####....     2%          2    None
c - Stone Arrow           Conj/Erth      ####..       4%          3    None
d - Petrify               Tmut/Erth      ####....     14%         4    ###....
e - Lee's Rapid Deconstr  Erth           #####.....   12%         5    #####..
f - Mephitic Cloud        Conj/Pois/Air  ##......     21%         3    None

Your spell library contained the following spells:

 Spells                   Type           Power        Failure   Level  Hunger
 Magic Dart               Conj           ##..         4%          1    None
 Blink                    Tloc           N/A          12%         2    None
 Call Imp                 Summ           #.......     12%         2    None
 Slow                     Hex            #.......     12%         2    None
 Conjure Flame            Conj/Fire      ##......     19%         3    None


Dungeon Overview and Level Annotations

Branches:
Dungeon (5/15)             Temple (0/1) D:4

Altars:
Ashenzari
Dithmenos
Gozag
Hepliaklqana
Sif Muna
Uskayaw
Wu Jian
Zin

Annotations:
D:4 1 runed translucent door, Crazy Yiuf


Message History

Casting: Stone Arrow (dangerous; 4% risk of failure)
Confirm with . or Enter, or press ? or * to list all spells.
The spell is quite dangerous to cast (14% risk of failure)!
Continue anyway?
Aiming: Petrify (quite dangerous; 14% risk of failure)
Press: ? - help, Shift-Dir - straight line, f/p - centaur
Aim: a centaur, wielding a +0 shortbow of freezing and quivering 12 arrows (moderately wounded, chance to defeat MR: 55%)
The centaur resists with significant effort.
You are near starving!
The centaur shoots an arrow.
The arrow closely misses you.
Unknown command.
Casting: Petrify (quite dangerous; 14% risk of failure)
Confirm with . or Enter, or press ? or * to list all spells.
The spell is quite dangerous to cast (14% risk of failure)!
Continue anyway?
Aiming: Petrify (quite dangerous; 14% risk of failure)
Press: ? - help, Shift-Dir - straight line, f/p - centaur
Aim: a centaur, wielding a +0 shortbow of freezing and quivering 11 arrows (moderately wounded, chance to defeat MR: 55%)
You miscast Petrify.
You are very lightly contaminated with residual magic.
Nothing appears to happen.
The centaur shoots an arrow.
The arrow hits you!
You die...

....'..........##..##............
##..##.....##..##..##........)...
##..######+##..##...#............
.......[........#...#............
................+...c............
....##.....#....#...#............
....########..###..##............
.....# ##..##..##............
##..## #....@................
##### ##....................
#..##..##............ #.(.#
..##............
#.....................
#.....................
#....>................
#.....................
.....................


You could see a centaur.

Vanquished Creatures
  Sigmund (D:3)
  2 ogres
  A crimson imp (D:4)
  A hound (D:4)
  3 orc priests
  Natasha (thrice) (D:3)
  A bullfrog skeleton (D:3)
  An orc wizard (D:3)
  A worker ant (D:5)
  3 gnolls (D:3)
  A worker ant zombie (D:5)
  7 adders
  An ooze (D:1)
  A dart slug (D:2)
  5 leopard geckos
  8 orcs
  A giant cockroach (D:3)
  7 goblins
  9 hobgoblins
  11 jackals
  3 quokkas
  A ball python (D:5)
  7 bats
  10 frilled lizards
  7 kobolds
  A leopard gecko skeleton (D:5)
  5 rats
102 creatures vanquished.

Notes
Turn   | Place    | Note
-------+----------+-------------------------------------------
     0 | D:1      | protoss039 the Deep Elf Earth Elementalist began the quest
                  | for the Orb.
     0 | D:1      | Reached XP level 1. HP: 10/10 MP: 6/6
    96 | D:1      | Reached XP level 2. HP: 8/15 MP: 0/8
   653 | D:1      | Reached XP level 3. HP: 9/19 MP: 4/9
  1442 | D:1      | Learned a level 2 spell: Passwall
  1446 | D:1      | Learned a level 3 spell: Stone Arrow
  1724 | D:2      | Reached XP level 4. HP: 15/24 MP: 9/12
  2250 | D:3      | Noticed Sigmund
  2299 | D:3      | Noticed Natasha
  2560 | D:3      | Killed Sigmund
  2560 | D:3      | Reached skill level 5 in Spellcasting
  2560 | D:3      | Reached skill level 1 in Conjurations
  2560 | D:3      | Reached skill level 5 in Earth Magic
  2560 | D:3      | Reached XP level 5. HP: 19/28 MP: 0/15
  2560 | D:3      | Reached XP level 6. HP: 22/32 MP: 0/16
  2737 | D:3      | Killed Natasha
  2750 | D:3      | Noticed Natasha
  2763 | D:3      | Killed Natasha
  3366 | D:3      | Learned a level 4 spell: Petrify
  3372 | D:3      | Learned a level 5 spell: Lee's Rapid Deconstruction
  3376 | D:3      | Learned a level 3 spell: Mephitic Cloud
  3508 | D:3      | Found a shadowy altar of Dithmenos.
  3509 | D:3      | Found a glowing silver altar of Zin.
  3510 | D:3      | Found a hide-covered altar of Uskayaw.
  3512 | D:3      | Found a hazy altar of Hepliaklqana.
  3512 | D:3      | Found a shimmering blue altar of Sif Muna.
  3513 | D:3      | Found a shattered altar of Ashenzari.
  3524 | D:3      | Became a worshipper of Sif Muna the Loreminder
  3571 | D:3      | Noticed Natasha
  3580 | D:3      | Killed Natasha
  3940 | D:3      | Found an ornate altar of the Wu Jian Council.
  4113 | D:3      | Found an opulent altar of Gozag.
  4160 | D:4      | Reached XP level 7. HP: 31/36 MP: 8/19
  4251 | D:4      | Found a runed translucent door.
  4252 | D:4      | Noticed Crazy Yiuf
  4300 | D:4      | Reached skill level 1 in Invocations
  4939 | D:4      | Found a staircase to the Ecumenical Temple.
  5318 | D:5      | Entered Level 5 of the Dungeon
  5382 | D:5      | Reached * piety under Sif Muna
  5962 | D:5      | HP: 1/36 [centaur/arrow (2)]
  5964 | D:5      | Shot with an arrow by a centaur

Illustrated notes

Levels and vault maps discovered:
D:1:      saegor_arrival_simple_c, layout_basic, minmay_misc_feat_columns,
          minmay_lizard_king
D:2:      layout_rooms
D:3:      layout_rooms, lemuel_coloured_pillars_altar,
          grunt_temple_overflow_open, first_ration,
          nicolae_gozag_cash_rules_everything_around_me, uniq_sigmund,
          uniq_natasha
D:4:      layout_basic, minmay_temple_entry_poolview, uniq_crazy_yiuf_cottage
D:5:      layout_gridville, serial_shops, shop, uniq_prince_ribbit1

Skill      XL: |  1  2  3  4  5  6  7 |
---------------+----------------------+-----
Earth Magic    | 4 5 6 7 |  7.0
Dodging        | 3 |  3.0
Stealth        | 3 |  3.0
Spellcasting   | 4 5 7 |  7.9
Conjurations   | 1 |  1.0
Invocations    | 2 |  2.0
Short Blades   | |  0.1
Transmutations | |  1.1

Action                   |  1- 3 |  4- 6 |  7- 9 || total
-------------------------+-------+-------+-------++-------
Melee: Whip              |    57 |       |       ||    57
       Unarmed           |     2 |       |       ||     2
       Dagger            |    16 |    35 |    21 ||    72
 Cast: Sandblast         |    48 |    20 |       ||    68
       Stone Arrow       |       |    36 |    31 ||    67
       Petrify           |       |       |     4 ||     4
 Stab: Sleeping          |     4 |     2 |     1 ||     7
  Eat: Chunk             |     2 |     9 |     4 ||    15
Armor: Robe              |    25 |    10 |     3 ||    38
Dodge: Dodged            |    76 |    38 |    22 ||   136
